 Dungeon Crawl Stone Soup version 0.31-a0-1522-g43313d8a59 (webtiles) character file.

Game seed: 17286801093760097555

25 AstroCodex24 the Shield-Bearer (level 2, 0/25 HPs)
             Began as a Demigod Fighter on Dec 31, 2023.
             Slain by Natasha (2 damage)
             ... on level 2 of the Dungeon.
             The game lasted 00:03:21 (917 turns).

AstroCodex24 the Shield-Bearer (Demigod Fighter)     Turns: 917, Time: 00:03:22

Health: 0/25       AC:  6    Str: 17    XL:     2   Next: 66%
Magic:  4/4        EV:  9    Int: 10    God:
Gold:   70         SH:  4    Dex: 13    Spells: 1/1 levels left

rFire   . . .        a - +0 war axe
rCold   . . .        c - +0 buckler
rNeg    . . .        b - +0 scale mail
rPois   +            (no helmet)
rElec   .            (no cloak)
rCorr   .            (no gloves)
SInv    .            (no boots)
Will    .....        (no amulet) Stlth
                     k - ring of poison resistance
HPRegen 0.24/turn    (no ring)
MPRegen 0.09/turn

%: no passive effects
@: studying Summonings
A: high MP 1, forlorn, divine attributes
a: no special abilities


You were on level 2 of the Dungeon.
You visited 1 branch of the dungeon, and saw 2 of its levels.

You collected 70 gold pieces.

Inventory:

Hand Weapons
 a - a +0 war axe (weapon)
Armour
 b - a +0 scale mail (worn)
 c - a +0 buckler (worn)
Jewellery
 k - a ring of poison resistance (left hand)
Scrolls
 j - a scroll of noise {unknown}
 m - a scroll of poison {unknown}
 n - 3 scrolls of identify {unknown}
Potions
 d - a potion of might
 f - a potion of cancellation
 g - a potion of heal wounds {unknown}
 h - a potion of mutation {unknown}
 i - 2 potions of curing {unknown}
 l - 3 potions of enlightenment {unknown}


   Skills:
 + Level 2.9 Fighting
 + Level 2.1 Axes
 + Level 2.8 Armour
 + Level 3.2 Shields


You had one spell level left.
You didn't know any spells.
Your spell library contained the following spells:

 Spells                   Type           Power      Damage    Failure   Level
 Static Discharge         Conj/Air       0%         3-3/arc   94%         2
 Airstrike                Air            0%         2d(0-16)  100%        4
 Summon Lightning Spire   Summ/Air       0%         N/A       100%        4


Dungeon Overview and Level Annotations

Branches:
Dungeon (2/15)

Annotations:
D:2 Natasha


Innate Abilities, Weirdness & Mutations

You have an increased reservoir of magic. (+10% MP)
You shall have no god before yourself.
Your divine heritage dramatically boosts your attributes as you level up.


Message History

You pick up a manual of Summonings and begin studying.
Found 4 stones.
There is a stone staircase leading down here.
You open the large door.
There is a large open door here.
A dart slug comes into view.
The dart slug launches a dart at you. You block the slug dart.
You open the door. You hit the dart slug.
The dart slug is heavily wounded.
The dart slug bites you but does no damage.
You completely miss the dart slug.
The dart slug is heavily wounded.
The dart slug bites you but does no damage.
You slash the dart slug!
You kill the dart slug!
Found 2 boomerangs.
Natasha, Servant of Life and Death comes into view.
Natasha hisses angrily.
A giant cockroach comes into view.
Found a scroll labelled VONWEX URGHOGOMU.
Natasha stares at you and mumbles some strange words.
You resist with significant effort.
Found a scroll labelled OXZOSTI IKISK.
Natasha claws you but does no damage. Natasha claws you!
You block Natasha's attack.
The giant cockroach bites you but does no damage.
Natasha stares at you and mumbles some strange words.
The magic dart hits you!
Natasha stares at you and mumbles some strange words.
The magic dart hits you!
* * * LOW HITPOINT WARNING * * *
The giant cockroach bites you but does no damage.
It was a potion of cancellation.
You feel magically purged. The giant cockroach closely misses you.
It was a potion of magic.
Magic courses through your body. The giant cockroach barely misses you.
Natasha claws you.
You die...
Natasha begins licking her fur clean.

.......... .........
............. ...(... .....
...... ..... ..... ....
###'# ....###########
....##### #..........#
.##.....#####...@......#
....#..........hB......#
#####..................##.
...............(.......##..
......##+####..........##...
.PP...#
#..........##...#####
.P....#
?...................#
PP....#
##.##................#
..P...#
#.##..?.............#


You could see Natasha and a giant cockroach.

Vanquished Creatures
  An adder (D:2)
  2 dart slugs
  A giant cockroach (D:1)
  A hobgoblin (D:1)
  A quokka (D:1)
  3 ball pythons
  2 frilled lizards (D:1)
  A goblin (D:2)
  A kobold (D:1)
  A rat (D:2)
14 creatures vanquished.

Notes
Turn   | Place    | Note
-------+----------+-------------------------------------------
     0 | D:1      | AstroCodex24 the Demigod Fighter began the quest for the
                  | Orb.
     0 | D:1      | Reached XP level 1. HP: 18/18 MP: 3/3
   226 | D:1      | Reached skill level 3 in Shields
   620 | D:2      | Reached XP level 2. HP: 24/25 MP: 4/4
   908 | D:2      | Noticed Natasha
   917 | D:2      | Slain by Natasha

Illustrated notes

Levels and vault maps discovered:
D:1:      sevenhm_arrival_forest_fort_small_4, layout_basic, serial_shops,
          nicolae_shop_tiny_real_fake_doors, serial_co_window_serial,
          co_window_paths_a, co_window_corner_a, co_window_paths_b,
          co_window_of_opportunity_a, co_window_corner_a, co_window_broadway_b,
          co_window_broadway_b, co_window_broadway_b, co_window_broadway_a,
          co_window_sun, glass_columns_b, glass_columns_a, glass_columns_b,
          glass_columns_b, chequers_serial_rivers_micro_b
D:2:      layout_basic, shapermc_ecumenical_altar_mp_ritualfount, uniq_natasha

Skill      XL: |  1  2 |
---------------+-------+-----
Shields        | 3 |  3.2
Axes           | 2 |  2.1
Fighting       | |  2.9
Armour         | |  2.8

Action                     || total
---------------------------++-------
  Melee: War axe           ||    57
    Use: Potion            ||     2
 Armour: Scale mail        ||    52
  Dodge: Dodged            ||    29
  Block: Buckler           ||    17

Table legend: (Time is in decaauts)
 A = Elapsed time spent in this place.
 B = Non-inter-level travel time spent in this place.
 C = Inter-level travel time spent in this place.
 D = Time resting spent in this place.
 E = Time spent auto-exploring this place.
 F = Levels seen in this place.
 G = Mean time per level.
                   A        B        C        D        E       F      G
               +--------+--------+--------+--------+--------+-----+--------+
         Total |    949 |    852 |     97 |      0 |      0 |   2 |  474.5 |
       Dungeon |    949 |    852 |     97 |      0 |      0 |   2 |  474.5 |
               +--------+--------+--------+--------+--------+-----+--------+

Top non-repeatable levels by time:
     D:1: 634 daAuts
     D:2: 314 daAuts
